Map: Submarine LE

Players

Juice

  • Race: Protoss Protoss
  • League: Silver
  • Spawn Location: 5:00

Throwfordays - Winner!

  • Race: Protoss Protoss
  • League: Silver
  • Spawn Location: 11:00

VOD

Have the link to the VOD?

Description

Time

  • Played on: July 18, 2020, 2:05 a.m.
  • Length: 2:57
Show
View Real Time Build Order
Export as new Build Order

Juice Protoss 

Build Orders:  

Get SALT Encoding   

  12  0:01  Probe  
  13  0:13  Probe  
  14  0:19  Pylon  
  14  0:25  Probe  
  15  0:37  Probe  
  15  0:39  Gateway  
  16  0:49  Probe  
  17  0:55  Gateway  
  17  1:05  Assimilator, Probe  
  18  1:17  Probe  
  19  1:30  Probe  
  20  1:42  Probe  
  20  1:44  Cybernetics Core  
  21  1:57  Gateway  
  20  2:13  Stalker  
  21  2:48  Pylon  
Show
View Real Time Build Order
Export as new Build Order

Throwfordays Protoss - Winner!

Build Orders:  

Get SALT Encoding   

  12  0:08  Pylon  
  12  0:24  Probe  
  12  0:26  Forge  
  13  0:32  Probe  
  13  0:41  Pylon  
  14  0:55  Probe  
  15  1:00  Photon Cannon  
  15  1:10  Pylon  
  15  1:23  Photon Cannon  
  15  1:24  Probe  
  15  1:32  Probe  
  16  1:41  Probe  
  17  2:06  Photon Cannon  
  17  2:07  Photon Cannon  
  17  2:10  Photon Cannon  
  17  2:17  Pylon  
  17  2:22  Photon Cannon  
  17  2:34  Photon Cannon  
  17  2:49  Photon Cannon  
Tags
 
Matchup
PvP
Replay Pack
Multiplayer
Spawn Locations
Cross Positions
Add a new tag
Caveats
  • Supply blocks, unpowered buildings, or Contaminate may cause inaccurate times.
  • Supply counts are checked every 10 seconds.